 Dungeon Crawl Stone Soup version 0.32-a0-975-g85d4e5bfdb (webtiles) character file.

Game seed: 3702775832481151721

9 spaghetti the Slasher (level 2, -9/28 HPs)
             Began as a Naga Chaos Knight on Apr 18, 2024.
             Was a Plaything of Xom.
             Mangled by a sun demon (10 damage)
             ... summoned by Xom
             ... on level 1 of the Dungeon.
             The game lasted 00:00:23 (245 turns).

spaghetti the Slasher (Naga Chaos Knight)            Turns: 245, Time: 00:00:24

Health: -9/28      AC:  4    Str: 13 (14) XL:     2   Next: 16%
Magic:  1/1        EV:  8    Int: 12      God:    Xom [......]
Gold:   9          SH:  0    Dex: 10      Spells: 1/1 levels left

rFire   . . .        a - +0 falchion (chaos)
rCold   . . .        (no shield)
rNeg    . . .        b - +2 leather armour
rPois   +            (no helmet)
rElec   .            (no cloak)
rCorr   .            (no gloves)
SInv    +            (no barding)
Will    .....        (no amulet)
Stlth   +            (no ring)
HPRegen 0.24/turn    (no ring)
MPRegen 0.07/turn

%: random rage (3%)
@: short of breath, very slow
A: AC +0, large, see invisible, deformed body, poison resistance, slowness 2,
spit poison 1, naga tail 1, berserk 1, low MP 1
a: Spit Poison, Renounce Religion


You were on level 1 of the Dungeon.
You worshipped Xom.
You were a very special plaything of Xom.
You visited 1 branch of the dungeon, and saw 1 of its levels.

You collected 9 gold pieces.

Inventory:

Hand Weapons
 a - a +0 falchion of chaos (weapon)
Armour
 b - a +2 leather armour (worn)
Scrolls
 c - a scroll of butterflies
 e - a scroll of amnesia {unknown}
Potions
 d - a potion of might {unknown}


   Skills:
 - Level 3.0 Fighting
 + Level 3.6 Long Blades
 - Level 1.5 Armour
 - Level 0.7 Dodging


You had one spell level left.
You didn't know any spells.
Your spell library was empty.

Dungeon Overview and Level Annotations

Branches:
Dungeon (1/15)

Altars:


Innate Abilities, Weirdness & Mutations

Your serpentine skin is tough. (AC +0)
You have supernaturally acute eyesight. (SInv)
Armour fits poorly on your strangely shaped body.
Your system is resistant to poisons. (rPois)
You cover ground very slowly.
You can spit poison.
You have a snake-like lower body.
You sometimes lose your temper in combat.
Your magical capacity is low. (-10% MP)


Message History

A bat is nearby!
The splash of poison misses the bat.
The bat barely misses you.
You hit the bat.
The bat is poisoned.
The bat is heavily wounded.
The bat barely misses you.
You kill the bat!
No target in view!
No target in view!
No target in view!
No target in view!
No target in view!
No target in view!
No target in view!
No target in view!
You have got your breath back. "Let me alter your body."
Your body is suffused with distortional energy.
You feel a little pissed off.
You feel less energetic.
A goblin comes into view. It is wielding a +0 dagger.
The goblin shouts!
A goblin is nearby!
A goblin is nearby!
You slash the goblin!
You kill the goblin!
No target in view!
No target in view!
No target in view!
No target in view!
Found a sling.
Xom's power touches on you for a moment.
You feel weakened. "Time to have some fun!"
There are monsters nearby!
The splash of poison misses the iron imp.
You barely miss the sun demon. The sun demon hits you!!
Ouch! That really hurt!
* * * LOW HITPOINT WARNING * * *
Xom roars with laughter!
You are engulfed in flames!
You die...

..###....#.##########.###.#
....###..#.# #.# #.#
.....##..#.# #.# ###
.....##..#+####### ###
.....#...........#
....##..#........#
..###...+........# #
#)##..#)#........#.#
#.##....+......5@..#
...#....#......3.###
...#....#........# ...#
#.....#### #..# #######
#.## ..# .## ##


You could see a sun demon (summoned) and an iron imp (summoned).

Vanquished Creatures
  A bat (D:1)
  2 goblins (D:1)
  A hobgoblin (D:1)
  2 jackals (D:1)
  A quokka (D:1)
7 creatures vanquished.

Notes
Turn   | Place    | Note
-------+----------+-------------------------------------------
     0 | D:1      | spaghetti the Naga Chaos Knight began the quest for the
                  | Orb.
     0 | D:1      | Reached XP level 1. HP: 21/21 MP: 1/1
    20 | D:1      | XOM: silly message
   149 | D:1      | Reached XP level 2. HP: 28/28 MP: 2/2
   193 | D:1      | XOM: give mutations
   193 | D:1      | Gained mutation: You sometimes lose your temper in combat.
                  | [Xom's mischief]
   193 | D:1      | Gained mutation: Your magical capacity is low. (-10% MP)
                  | [Xom's mischief]
   242 | D:1      | XOM: stat loss: -1 Str (13/14)
   243 | D:1      | XOM: summons 2 hostile demons
   244 | D:1      | Noticed a sun demon
   245 | D:1      | HP: 1/28 [sun demon[Xom] (27)]
   245 | D:1      | Mangled by a sun demon

Illustrated notes

Levels and vault maps discovered:
D:1:      dpeg_arrival_three_smaller_balls, layout_basic, nrook_uturn

Action                     || total
---------------------------++-------
  Melee: Falchion          ||    20
Ability: Spit Poison       ||     4
 Armour: Leather armour    ||    12
  Dodge: Dodged            ||    10

Table legend: (Time is in decaauts)
 A = Elapsed time spent in this place.
 B = Non-inter-level travel time spent in this place.
 C = Inter-level travel time spent in this place.
 D = Time resting spent in this place.
 E = Time spent auto-exploring this place.
 F = Levels seen in this place.
 G = Mean time per level.
                   A        B        C        D        E       F      G
               +--------+--------+--------+--------+--------+-----+--------+
         Total |    310 |    310 |      0 |      0 |    262 |   1 |  310.0 |
       Dungeon |    310 |    310 |      0 |      0 |    262 |   1 |  310.0 |
               +--------+--------+--------+--------+--------+-----+--------+

Top non-repeatable levels by time:
     D:1: 310 daAuts
